 Dungeon Crawl Stone Soup version 0.30-a0-778-g2ef04afb54 (webtiles) character file.

Game seed: 15209538292832677690

542 Leeroy the Slasher (level 7, -6/34 HPs)
             Began as a Vine Stalker Warper on Feb 16, 2023.
             Was a Believer of Qazlal.
             Mangled by Duvessa
             ... wielding a +0 short sword
              (9 damage)
             ... on level 5 of the Dungeon.
             The game lasted 00:03:02 (2455 turns).

Leeroy the Slasher (Vine Stalker Warper)            Turns: 2455, Time: 00:03:03

Health: -6/34      AC:  7    Str: 13    XL:     7   Next: 27%
Magic:  0/11       EV: 12    Int: 13    God:    Qazlal [**....]
Gold:   129        SH:  3    Dex: 22    Spells: 10/10 levels left

rFire   . . .      SeeInvis .    a - +0 falchion
rCold   . . .      Faith    .    (no shield)
rNeg    . . .      Spirit   +    b - +0 leather armour
rPois   .          Reflect  .    (no helmet)
rElec   .          Harm     .    (no cloak)
rCorr   .          Rampage  .    (no gloves)
Will    .....                    (no boots)
Stlth   +                        (no amulet)
HPRegen 1.05/turn                f - +6 ring of dexterity
MPRegen 0.12/turn                s - +4 ring of protection

@: no status effects
A: fangs 2, regeneration 1, magic shield, antimagic bite, no potion heal 2
a: Renounce Religion, Upheaval


You were on level 5 of the Dungeon.
You worshipped Qazlal.
Qazlal was pleased with you.
You visited 1 branch of the dungeon, and saw 5 of its levels.

You collected 239 gold pieces.
You spent 110 gold pieces at shops.

Inventory:

Hand Weapons
 a - a +0 falchion (weapon)
 o - a +3 dagger
 v - a +0 rapier
 B - a +2 dagger of venom
Missiles
 d - 7 boomerangs of dispersal (quivered)
 l - 11 boomerangs
 m - 2 poisoned darts
Armour
 b - a +0 leather armour (worn)
Jewellery
 f - a +6 ring of dexterity (left hand)
 r - a ring of willpower
 s - a +4 ring of protection (right hand)
 t - a ring of willpower
 x - a ring of poison resistance
 y - a ring of fire
Wands
 w - a wand of charming (9)
Scrolls
 c - a scroll of blinking
 g - a scroll of fog {unknown}
 h - a scroll of noise {unknown}
 i - 10 scrolls of identify {unknown}
 n - 2 scrolls of immolation {unknown}
 p - 2 scrolls of fear {unknown}
Potions
 e - 2 potions of mutation {unknown}
 j - 4 potions of curing {unknown}
 k - 2 potions of heal wounds {unknown}
 q - 3 potions of brilliance {unknown}
 u - 2 potions of degeneration {unknown}
 z - a potion of lignification {unknown}
 A - a potion of haste
 C - a potion of invisibility


   Skills:
 - Level 1.7 Fighting
 + Level 7.1 Long Blades
 - Level 0.8 Throwing
 - Level 0.7 Armour
 - Level 1.5 Dodging
 - Level 2.1 Spellcasting
 - Level 3.0 Translocations


You had 10 spell levels left.
You didn't know any spells.
Your spell library contained the following spells:

 Spells                   Type           Power      Damage    Failure   Level
 Apportation              Tloc           18%        N/A       10%         1
 Blink                    Tloc           18%        N/A       14%         2
 Lesser Beckoning         Tloc           18%        N/A       14%         2
 Momentum Strike          Conj/Tloc      10%        3d8       26%         2
 Teleport Other           Tloc           9%         N/A       28%         3
 Vhi's Electric Charge    Tloc/Air       10%        N/A       45%         3
 Manifold Assault         Tloc           9%         N/A       67%         4


Dungeon Overview and Level Annotations

Branches:
Dungeon (5/15)
 Temple: D:4-7

Altars:
Ashenzari
Kikubaaqudgha
Qazlal
Wu Jian

Shops:
D:4 !(=

Annotations:
D:5 Duvessa


Innate Abilities, Weirdness & Mutations

You have extremely sharp teeth.
Your natural rate of healing is unusually fast.
When hurt, damage is shared between your health and your magic reserves.
Your bite disrupts and absorbs the magic of your enemies.
Potions cannot restore your health.


Message History

Found a stone staircase leading down.
No target in view!
Duvessa, Sister of Dowan comes into view.
She is wielding a +0 short sword.
Duvessa is nearby!
Duvessa goes berserk!
You hear an angry hiss.
A water moccasin comes into view.
Duvessa closely misses you.
You hit Duvessa. You bite Duvessa, but do no damage.
Duvessa is lightly wounded.
Duvessa barely misses you.
You hit Duvessa. You bite Duvessa, but do no damage.
Duvessa is lightly wounded.
Duvessa hits you with a +0 short sword. x2
You barely miss Duvessa.
Duvessa is lightly wounded.
Duvessa hits you with a +0 short sword!
You hit Duvessa. Your bite misses Duvessa.
Duvessa is lightly wounded.
Duvessa hits you with a +0 short sword!
You are too injured to fight recklessly!
You are too injured to fight recklessly!
You are too injured to fight recklessly!
You are too injured to fight recklessly!
You are too injured to fight recklessly!
You hit Duvessa but do no damage. You punch Duvessa, but do no damage.
You bite Duvessa, but do no damage.
Duvessa is lightly wounded.
Duvessa barely misses you. Duvessa hits you with a +0 short sword.
You closely miss Duvessa.
Duvessa is lightly wounded.
Duvessa closely misses you.
You hit Duvessa.
Duvessa is moderately wounded.
Duvessa misses you. Duvessa hits you with a +0 short sword!
* * * LOW HITPOINT WARNING * * *
You hit Duvessa. You bite Duvessa, but do no damage.
Duvessa is moderately wounded.
Duvessa hits you with a +0 short sword!
You die...

##+###..####
#....#..... #..
#....#...##### ..
####....#........ ..
+...............> ..
####..###...#.#. .#
#..........#
.######.#..###.#.#
.....##.#..# #.#@#
)#.####.#..###.#e#
.#.#............S#
.))...............
..................
##.#....#..#.#.#.#.
...................
##.#....#..#.#.#.#..
...........#.#.#


You could see Duvessa (berserk) and a water moccasin.

Vanquished Creatures
  A black bear (D:4)
  Blork the orc (D:5)
  Dowan (D:5)
  3 orc priests
  A jelly (D:4)
  Jessica (D:3)
  Ijyb (D:3)
  An orc wizard (D:5)
  Robin (D:3)
  6 adders
  A white imp (D:5)
  2 dart slugs (D:1)
  4 orcs
  5 ball pythons
  A bat (D:1)
  6 endoplasms
  4 giant cockroaches
  15 goblins
  7 hobgoblins
  2 jackals (D:4)
  8 kobolds
  2 frilled lizards
  7 rats
81 creatures vanquished.

Notes
Turn   | Place    | Note
-------+----------+-------------------------------------------
     0 | D:1      | Leeroy the Vine Stalker Warper began the quest for the Orb.
     0 | D:1      | Reached XP level 1. HP: 11/11 MP: 4/4
    30 | D:1      | Reached skill level 2 in Long Blades
    90 | D:1      | Reached XP level 2. HP: 2/15 MP: 0/6
   289 | D:1      | Reached skill level 3 in Long Blades
   379 | D:1      | Reached XP level 3. HP: 16/18 MP: 5/7
  1034 | D:2      | Found a faded altar of an unknown god.
  1038 | D:2      | Got Plato's Incunable of Position
  1181 | D:2      | Prayed at the altar of an unknown god.
  1181 | D:2      | Became a worshipper of Qazlal Stormbringer
  1181 | D:2      | Reached * piety under Qazlal
  1198 | D:3      | Noticed Jessica
  1200 | D:3      | Killed Jessica
  1201 | D:3      | Reached skill level 4 in Long Blades
  1201 | D:3      | Gained mutation: Your natural rate of healing is unusually
                  | fast. [Vine Stalker growth]
  1201 | D:3      | Reached XP level 4. HP: 21/23 MP: 6/8
  1201 | D:3      | Noticed Robin
  1224 | D:3      | Killed Robin
  1341 | D:3      | Reached XP level 5. HP: 17/26 MP: 7/9
  1453 | D:3      | Noticed Ijyb
  1459 | D:3      | Killed Ijyb
  1459 | D:3      | Reached ** piety under Qazlal
  1605 | D:3      | Found an ancient bone altar of Kikubaaqudgha.
  1652 | D:4      | Reached skill level 5 in Long Blades
  1681 | D:4      | Found a broken altar of Ashenzari.
  1699 | D:4      | Found Nailab's Weapon Emporium.
  1804 | D:4      | Found Jacoezac's Distillery.
  1816 | D:4      | Bought a potion of haste for 110 gold pieces
  1837 | D:4      | Found an ornate altar of the Wu Jian Council.
  1884 | D:4      | Found Eret's Armour Boutique.
  1933 | D:4      | Noticed a black bear
  1943 | D:4      | Killed a black bear
  1944 | D:4      | Reached XP level 6. HP: 29/30 MP: 8/10
  1948 | D:4      | Reached skill level 6 in Long Blades
  2061 | D:4      | Found Ypsicux's Jewellery Boutique.
  2311 | D:5      | Entered Level 5 of the Dungeon
  2395 | D:5      | Noticed Dowan
  2403 | D:5      | Noticed Blork the orc
  2405 | D:5      | Killed Dowan
  2406 | D:5      | Reached XP level 7. HP: 24/34 MP: 8/11
  2414 | D:5      | Killed Blork the orc
  2415 | D:5      | Reached skill level 7 in Long Blades
  2445 | D:5      | Noticed Duvessa
  2455 | D:5      | Mangled by Duvessa

Illustrated notes

Levels and vault maps discovered:
D:1:      nzn_arrival_water_spiral, layout_basic
D:2:      layout_rooms, shapermc_ecumenical_altar_rom_forum
D:3:      layout_rooms, mainiacjoe_overflow_alcove_4, uniq_robin, uniq_jessica,
          uniq_ijyb
D:4:      nicolae_cairo_tiling_large_dashed, layout_basic,
          mainiacjoe_overflow_surrounded_room,
          mainiacjoe_overflow_small_starburst, serial_shops, shop_fountains,
          shop_coins, shop, kennysheep_mini_moat
D:5:      layout_basic, good_gods_temple_1, general_overflow_altar,
          mainiacjoe_overflow_paths, lemuel_temple_firewalk_a, uniq_duvessa,
          uniq_blork_the_orc

Skill      XL: |  1  2  3  4  5  6  7 |
---------------+----------------------+-----
Long Blades    | 2 3 4 5 6 7 |  7.1
Fighting       | |  1.7
Throwing       | |  0.8
Armour         | |  0.7
Dodging        | |  1.5
Spellcasting   | |  2.1
Translocations | |  3.0

Action                     |  1- 3 |  4- 6 |  7- 9 || total
---------------------------+-------+-------+-------++-------
  Melee: Falchion          |    69 |   133 |    15 ||   217
         Bite              |    11 |    29 |     8 ||    48
         Punch             |     3 |       |     1 ||     4
   Stab: Sleeping          |     4 |       |       ||     4
         Distracted        |     1 |       |       ||     1
 Armour: Leather armour    |    24 |    43 |       ||    67
  Dodge: Dodged            |    55 |    76 |     9 ||   140
  Block: Other             |       |     3 |       ||     3

Table legend: (Time is in decaauts)
 A = Elapsed time spent in this place.
 B = Non-inter-level travel time spent in this place.
 C = Inter-level travel time spent in this place.
 D = Time resting spent in this place.
 E = Time spent auto-exploring this place.
 F = Levels seen in this place.
 G = Mean time per level.
                   A        B        C        D        E       F      G
               +--------+--------+--------+--------+--------+-----+--------+
         Total |   2469 |   2343 |    126 |      2 |   1812 |   5 |  493.8 |
       Dungeon |   2469 |   2343 |    126 |      2 |   1812 |   5 |  493.8 |
               +--------+--------+--------+--------+--------+-----+--------+

Top non-repeatable levels by time:
     D:1: 692 daAuts
     D:4: 672 daAuts
     D:2: 516 daAuts
     D:3: 445 daAuts
     D:5: 142 daAuts
